[Event "*** Titled Tuesday Blitz"]
[Site "Chess.com"]
[Date "2021.02.09"]
[Round "3"]
[White "FloMaster111"]
[Black "tylityli"]
[Result "1-0"]
[WhiteElo "2509"]
[BlackElo "2277"]
[TimeControl "180+1"]
[EndTime "10:29:32 PST"]
[Termination "FloMaster111 won on time"]

1. e4 e5 2. Nf3 Nc6 3. Bb5 a6 4. Ba4 Nf6 5. O-O Be7 6. Re1 b5 7. Bb3 d6 8. c3 O-O 9. h3 Nd7 10. d4 Bf6 11. a4 Bb7 12. a5 Rc8 13. Bd5 Rb8 14. Be3 Ne7 15. Bxb7 Rxb7 16. d5 g6 17. Nbd2 Bg7 18. Nf1 h6 19. Qd2 Kh7 20. N3h2 f5 21. f3 Nf6 22. Qd3 Nh5 23. Nd2 Qd7 24. Nhf1 Rfb8 25.
Re2 Nf4 26. Bxf4 exf4 27. Rae1 Be5 28. Nb3 c5 29. dxc6 Qxc6 30. Nd4 Qc4 31. Qd2 b4 32.
exf5 Nxf5 33. Nxf5 gxf5 34. Qc2 Kg6 35. Nd2 Qc5+ 36. Kh1 bxc3 37. bxc3 Rb2 38. Qd3 Qb5 39. c4 Qxa5 40. Rxe5 dxe5 41. Qd6+ Kf7 42. Rxe5 Qxd2 43. Re7+ Kg8 44. Qg6+ 1-0

[Event "*** Titled Tuesday Blitz"]
[Site "Chess.com"]
[Date "2021.02.09"]
[Round "3"]
[White "A-S-00"]
[Black "bylavochka"]
[Result "1-0"]
[WhiteElo "2318"]
[BlackElo "2086"]
[TimeControl "180+1"]
[EndTime "10:29:32 PST"]
[Termination "A-S-00 won by checkmate"]

1. d4 Nf6 2. Nf3 g6 3. c4 Bg7 4. Nc3 O-O 5. e4 d6 6. Be2 e5 7. dxe5 dxe5 8. Qxd8 Rxd8 9. Bg5 Nbd7 10. O-O-O Re8 11. Nb5 Nxe4 12. Be3 Re7 13. Nxc7 Rb8 14. Nd5 Re6 15. Bd3 Ndc5 16. Bc2 b6 17. Nc7 Rd6 18. Rxd6 Nxd6 19. Rd1 Ncb7 20. Ng5 h6 21. Ne4 Nxc4 22. Bb3 Nxe3 23. fxe3 Bf5 24. Nc3 Rc8 25. N7b5 a6 26. Nd6 Nxd6 27. Rxd6 b5 28. Kd2 b4 29. Nd5 Bf8 30. Rxa6 Rd8 31. Ke1 Be6 32. e4 Kg7 33. Ke2 Bc5 34. Rc6 Bd4 35. Rc7 Bxb2 36. Nxb4 Bxb3 37. axb3 Bd4 38. Nd5 Rb8 39. b4 Ra8 40.
Kd3 Ra3+ 41. Kc4 Rc3+ 42. Nxc3 Bxc3 43. Kxc3 Kf6 44. b5 Kg5 45. b6 Kf4 46. b7 Kxe4 47. b8=Q Kf4 48. Qb4+ e4 49. Rxf7+ Kg5 50. Qxe4 h5 51.
Qf4# 1-0

[Event "*** Titled Tuesday Blitz"]
[Site "Chess.com"]
[Date "2021.02.09"]
[Round "3"]
[White "tomsishere"]
[Black "Rish_97"]
[Result "1-0"]
[WhiteElo "2454"]
[BlackElo "2708"]
[TimeControl "180+1"]
[EndTime "10:29:34 PST"]
[Termination "tomsishere won by checkmate"]

1. Nf3 d5 2. g3 g6 3. Bg2 Bg7 4. d4 Nf6 5. c4 O-O 6. cxd5 Nxd5 7. O-O Nb6 8. Nc3 Nc6 9. d5 Na5 10. e4 c6 11. Nd4 cxd5 12. exd5 e5 13. Ndb5 a6 14.
Na3 Nac4 15. Nxc4 Nxc4 16. Qb3 b5 17. a4 Rb8 18. axb5 axb5 19. Rd1 Nd6 20. Be3 f5 21. Bc5 Rf7 22. Ba7 Rbb7 23. Bc5 Qc7 24. Qb4 Bf8 25. Ra8 Rb8 26. Rda1 e4 27. R1a7 Bb7 28. Rxb7 Qxb7 29. Ra7 Qxa7 30. Bxa7 Rxa7 31. h4 Rf7 32. h5 Nc4 33. Qb3 e3 34. fxe3 Nxe3 35. hxg6 hxg6 36. Bf3 Bd6 37. Kf2 Nc4 38. Nxb5 Ne5 39.
Qa4 Bc5+ 40. Kg2 Rfb7 41. Be2 g5 42. d6 f4 43. Qb3+ Kg7 44. Qd5 f3+ 45. Bxf3 Nxf3 46.
Qxc5 Rxb5 47. Qc7+ Kg6 48. Kxf3 Rf5+ 49. Ke4 Rb4+ 50. Kd3 Rb3+ 51. Kc2 Rxg3 52. d7 Rg2+ 53. Kb1 Rg1+ 54. Ka2 Rd1 55. d8=Q Rxd8 56. Qxd8 g4 57. Qg8+ Kh5 58. b4 Rg5 59. Qh7# 1-0

[Event "*** Titled Tuesday Blitz"]
[Site "Chess.com"]
[Date "2021.02.09"]
[Round "3"]
[White "ukchessbomber"]
[Black "Susal_De_Silva"]
[Result "1-0"]
[WhiteElo "2420"]
[BlackElo "2609"]
[TimeControl "180+1"]
[EndTime "10:29:35 PST"]
[Termination "ukchessbomber won by resignation"]

1. d4 Nf6 2. c4 e6 3. Nc3 Bb4 4. a3 Bxc3+ 5. bxc3 b6 6. f3 Bb7 7. e4 c5 8. Bd3 d6 9. Ne2 Nc6 10. O-O Qc7 11. Bg5 O-O-O 12. f4 Rde8 13. e5 Nd7 14. Be4 f6 15. Bh4 fxe5 16. fxe5 dxe5 17. d5 Na5 18.
Rf7 Nxc4 19. Qa4 Nd6 20. dxe6 Rxe6 21. Bxb7+ Qxb7 22. Rxg7 Rf8 23. Qg4 Rfe8 24. Rd1 Qc6 25. Ng3 e4 26. Nf5 Nxf5 27. Qxf5 Rd6 28. Re1 e3 29.
Bg3 Rf6 30. Qd3 Rfe6 31. Qa6+ Kd8 32. Bh4+ Rf6 33. Qxa7 Kc8 34. Qxd7+ Qxd7 35. Rxd7 Kxd7 36. Bxf6 Kc6 37. Bg5 Kd5 38. Rxe3 Ra8 39. Re7 Rxa3 40. Bf6 h5 41. Re5+ Kc4 42. Rxh5 Ra1+ 43. Kf2 Ra2+ 44. Kf3 Ra7 45. g4 Rf7 46. g5 b5 47. Ke4 b4 48.
cxb4 cxb4 49. Rh3 Rf8 50. Be5 Re8 51. g6 b3 52. Rc3+ Kb4 53. Rc7 b2 54. Rb7+ Ka3 55. Rxb2 1-0

[Event "*** Titled Tuesday Blitz"]
[Site "Chess.com"]
[Date "2021.02.09"]
[Round "3"]
[White "KeithArkell"]
[Black "GMBenjaminBok"]
[Result "1/2-1/2"]
[WhiteElo "2478"]
[BlackElo "2991"]
[TimeControl "180+1"]
[EndTime "10:29:35 PST"]
[Termination "Game drawn by agreement"]

1. d4 Nf6 2. Nf3 d5 3. c4 e6 4. cxd5 exd5 5. Nc3 c6 6. Qc2 g6 7. Bg5 Be7 8. Bxf6 Bxf6 9. e3 O-O 10. Be2 Bf5 11. Bd3 Bg4 12. Be2 Re8 13. O-O Qd6 14.
h3 Bxf3 15. Bxf3 Nd7 16. b4 a6 17. a4 Bd8 18. b5 axb5 19. axb5 Rxa1 20. Rxa1 h5 21. bxc6 bxc6 22. Na4 Bc7 23. Rc1 Re6 24. Nc5 Nxc5 25. Qxc5 Qh2+ 26. Kf1 g5 27. Ke2 Kg7 28.
Rb1 Rf6 29. Rf1 g4 30. hxg4 hxg4 31. Bxg4 Qxg2 32. Bd7 Bg3 33. Bxc6 Rxf2+ 34. Rxf2 Qxf2+ 35. Kd3 Qf1+ 36. Kc3 Be1+ 37. Kb3 Qd3+ 38. Ka4 Qxe3 39. Qxd5 Bg3 40. Qe4 Qg5 41. Kb4 Bd6+ 42. Kc4 Be7 43. Qg2 Qxg2 44. Bxg2 f5 45. Kd3 Kf6 46. Ke3 Bd6 47.
Bh3 f4+ 48. Ke4 Bc7 49. Bg2 Bd6 50. Bf3 Bb8 51. d5 Bd6 52. Kd4 Be5+ 53. Ke4 Bd6 54. Kd3 Ke5 1/2-1/2

[Event "*** Titled Tuesday Blitz"]
[Site "Chess.com"]
[Date "2021.02.09"]
[Round "3"]
[White "ErikBlomqvist"]
[Black "CalinGheorghiu"]
[Result "1-0"]
[WhiteElo "2519"]
[BlackElo "2297"]
[TimeControl "180+1"]
[EndTime "10:29:36 PST"]
[Termination "ErikBlomqvist won on time"]

1. e4 c5 2. Nf3 d6 3. Nc3 Nf6 4. e5 dxe5 5. Nxe5 e6 6. Bb5+ Nbd7 7. d4 Bd6 8. Bf4 O-O 9. Nxf7 Rxf7 10. Bxd6 Qb6 11.
dxc5 Nxc5 12. Qd4 Nfe4 13. Bxc5 Nxc5 14. O-O-O Bd7 15. Bxd7 Rxd7 16. Qe3 Rf7 17. Rd2 Raf8 18. Kb1 Rf4 19. Rhd1 Rb4 20. b3 a5 21. Rd6 Qc7 22. Rxe6 Nxe6 23. Qxe6+ Qf7 24. Qe5 Qxf2 25. Nd5 Rg4 26. g3 Qf3 27. Re1 h6 28. Nf4 Rgxf4 29. gxf4 Qxf4 30. Qxa5 Qxh2 31. Qd5+ Kh8 32. Qxb7 Qf4 33.
Qe7 Qf6 34. Qe4 h5 35. a4 g6 36. a5 h4 37. Rh1 Kg7 38. Qxh4 Qc3 39. Qh7+ Kf6 40.
Rf1+ Kg5 41. Rxf8 Qe1+ 42. Kb2 Qe5+ 43. Kc1 Qe1+ 44. Kb2 Qe5+ 45. c3 Qh2+ 46. Qxh2 Kg4 47. Qg2+ 1-0

[Event "*** Titled Tuesday Blitz"]
[Site "Chess.com"]
[Date "2021.02.09"]
[Round "3"]
[White "Smile2005"]
[Black "Ajedrez_con_German"]
[Result "1/2-1/2"]
[WhiteElo "2339"]
[BlackElo "2602"]
[TimeControl "180+1"]
[EndTime "10:29:38 PST"]
[Termination "Game drawn by repetition"]

1. Nf3 g6 2. g3 Bg7 3. Bg2 c5 4. O-O Nc6 5. d3 e6 6. e4 Nge7 7. Nc3 O-O 8. Be3 Nd4 9. Qd2 d6 10. a4 Rb8 11. Kh1 a6 12. Ng1 b5 13. axb5 axb5 14. Bxd4 cxd4 15. Na2 e5 16. Nb4 Bb7 17.
Ne2 Nc6 18. Nd5 Ne7 19. Nb4 d5 20. Nc1 dxe4 21. dxe4 f5 22. Qe2 Qd6 23. Ncd3 Nc6 24. Na6 Ra8 25. Nac5 Rxa1 26. Rxa1 Bc8 27. Ra8 f4 28. Bf3 fxg3 29. hxg3 Bh3 30. Rxf8+ Qxf8 31. Bg4 Bxg4 32. Qxg4 Qe7 33. Qc8+ Nd8 34. Qd7 Qxd7 35. Nxd7 Nc6 36. Kg2 Kf7 37. N7c5 Ke7 38. f3 Kd6 39. Nb3 Bh6 40. f4 Bg7 41. Kf3 Bf6 42. g4 exf4 43. Kxf4 Bg7 44. g5 Ne5 45. Nxe5 Bxe5+ 46. Kg4 Kc6 47.
Kf3 Kd6 48. Kg4 Kc6 49. Kf3 Kd6 50. Kg4 1/2-1/2

[Event "*** Titled Tuesday Blitz"]
[Site "Chess.com"]
[Date "2021.02.09"]
[Round "3"]
[White "Andrakhanova"]
[Black "HajiyevKanan"]
[Result "0-1"]
[WhiteElo "2257"]
[BlackElo "2500"]
[TimeControl "180+1"]
[EndTime "10:29:38 PST"]
[Termination "HajiyevKanan won on time"]

1. c4 c6 2. e4 d5 3. exd5 cxd5 4. d4 Nf6 5. Nc3 a6 6. Nf3 Nc6 7. Bd3 Bg4 8. cxd5 Nxd5 9. Be4 e6 10. h3 Bh5 11. O-O Be7 12. Re1 O-O 13. Be3 Rc8 14. Nxd5 exd5 15. Bf5 Rc7 16. Bg4 Bg6 17. Ne5 Be4 18.
Bf3 Bf6 19. Bf4 Bxf3 20. Nxf3 Re7 21. Be5 Bxe5 22. Nxe5 Nxe5 23. dxe5 d4 24. Qd3 Qd5 25. Qe4 Rd8 26. Qxd5 Rxd5 27. f4 g5 28. g3 h5 29. h4 Kg7 30. hxg5 Rb5 31. b3 Rc7 32. Re2 Rc3 33. Kf2 a5 34. Rd1 Rb4 35. Red2 a4 36. Rxd4 Rxd4 37. Rxd4 axb3 38. axb3 Rxb3 39. Rd7 Kg6 40. Kg2 b5 41. Kh3 b4 42. Kh4 Rb1 43.
Rd6+ Kg7 44. Kxh5 b3 45. f5 Rh1+ 46. Kg4 b2 47. Rb6 b1=Q 48. Rxb1 Rxb1 49. Kf4 Rb4+ 50. Kf3 Ra4 51. Ke3 Rg4 52. Kf3 Rxg5 53. g4 f6 54. e6 Kf8 55. Kf4 Ke7 56. Kf3 Kd6 57. Kf4 Rg8 58. Kf3 Ke5 59. Kg3 Ke4 60. Kh3 Kf4 0-1

[Event "*** Titled Tuesday Blitz"]
[Site "Chess.com"]
[Date "2021.02.09"]
[Round "3"]
[White "AniJak"]
[Black "frazier69"]
[Result "1/2-1/2"]
[WhiteElo "2325"]
[BlackElo "2513"]
[TimeControl "180+1"]
[EndTime "10:29:39 PST"]
[Termination "Game drawn by stalemate"]

1. e4 c5 2. Nf3 Nc6 3. d4 cxd4 4. Nxd4 g6 5. c4 Nf6 6. Be3 Nxe4 7. Bd3 Nf6 8. O-O Bg7 9. Nc3 O-O 10. Qd2 Ng4 11.
Nxc6 dxc6 12. Bc5 Ne5 13. Rad1 b6 14. Ba3 Nxd3 15. Qxd3 Qxd3 16. Rxd3 Re8 17. Re1 Be6 18. b3 Rad8 19. Rde3 Rd2 20. h3 Bxc3 21. Rxc3 Rxa2 22. Bc1 Ra1 23. Bd2 Rxe1+ 24. Bxe1 Rd8 25. Kf1 c5 26.
Ke2 f6 27. Rd3 Rxd3 28. Kxd3 Bf5+ 29. Kc3 Kf7 30. Bd2 e5 31. Be3 Be4 32. g3 g5 33. b4 cxb4+ 34. Kxb4 Ke6 35. c5 bxc5+ 36. Bxc5 a6 37. Ka5 Bd3 38. Kb6 h5 39. Kc6 f5 40.
Be3 f4 41. Bd2 Kf5 42. Kd5 Be4+ 43. Kd6 Bf3 44. Kc5 e4 45. Kd4 h4 46. gxh4 gxh4 47.
Ba5 Bg2 48. Bd8 Bxh3 49. Bxh4 a5 50. Be7 a4 51. Ba3 Bf1 52. Bc1 Bd3 53. Ba3 Kg4 54. Bd6 Kf3 55. Kc3 Bb5 56. Kb4 Bd7 57. Kc3 Kxf2 58. Bxf4 e3 59. Bxe3+ Kxe3 60. Kb2 Kd2 61. Ka1 Kc2 62. Ka2 Be6+ 63. Ka1 Bb3 1/2-1/2

[Event "*** Titled Tuesday Blitz"]
[Site "Chess.com"]
[Date "2021.02.09"]
[Round "3"]
[White "NoGalloNoParty"]
[Black "MikeSailer"]
[Result "1-0"]
[WhiteElo "2361"]
[BlackElo "2186"]
[TimeControl "180+1"]
[EndTime "10:29:39 PST"]
[Termination "NoGalloNoParty won on time"]

1. d4 d5 2. Nf3 Bf5 3. c4 e6 4.
Nc3 Nc6 5. Bf4 Nf6 6. e3 Bb4 7. Qa4 Ne4 8. Rc1 O-O 9. Be2 dxc4 10. O-O Bxc3 11. bxc3 a6 12. Qxc4 Bg4 13. Rfd1 Rc8 14. h3 Bh5 15. Qb3 Na5 16. Qa3 c6 17. c4 b5 18. c5 Ra8 19. Qb4 Nb7 20. Qb1 Bg6 21.
Bd3 Nf6 22. Ne5 Bxd3 23. Qxd3 Qc8 24. e4 a5 25. a4 bxa4 26. Nc4 Nd7 27. Qg3 Kh8 28.
Ra1 e5 29. Bxe5 Nxe5 30. Nxe5 Qe6 31. Rxa4 Rae8 32. Qg4 Nxc5 33. Qxe6 Rxe6 34. Rxa5 Nxe4 35. Rc1 c5 36. f3 Ng3 37. Raxc5 Ne2+ 38. Kf2 Nxc1 39.
Rxc1 g6 40. Rc7 Kg7 41. f4 Rd6 42. Ke3 h6 43. g4 Kg8 44. g5 hxg5 45. fxg5 Re6 46.
Kf4 Rd6 47. Ke4 Rfd8 48. Rc4 1-0

[Event "*** Titled Tuesday Blitz"]
[Site "Chess.com"]
[Date "2021.02.09"]
[Round "3"]
[White "bugsbunny444"]
[Black "c_r_e_e_p_e_r"]
[Result "1-0"]
[WhiteElo "2593"]
[BlackElo "2404"]
[TimeControl "180+1"]
[EndTime "10:29:40 PST"]
[Termination "bugsbunny444 won by checkmate"]

1. Nf3 d5 2. c4 e6 3. g3 Nf6 4.
Bg2 Be7 5. O-O O-O 6. b3 b6 7. Bb2 Bb7 8. e3 Nbd7 9. Nc3 Re8 10. Qe2 c6 11. d4 Rc8 12. e4 c5 13. e5 Ne4 14. Nxe4 dxe4 15. Nd2 cxd4 16. Bxd4 Nc5 17. Bc3 Qd3 18. Qxd3 exd3 19. Bxb7 Nxb7 20. Ne4 Red8 21.
Rad1 Rc7 22. Rd2 Rcd7 23. Rfd1 Nc5 24. Nxc5 Bxc5 25. Kg2 Kf8 26. Kf3 Ke7 27. Ke4 f5+ 28. exf6+ gxf6 29. g4 Bd4 30. Bb4+ Bc5 31. Bxc5+ bxc5 32. Rxd3 f5+ 33. gxf5 exf5+ 34. Ke3 Rxd3+ 35. Rxd3 Re8 36. Kf4 Kf6 37. Rd6+ Ke7 38. Ra6 Rg8 39. Kxf5 Rf8+ 40.
Ke5 Rxf2 41. Rxa7+ Ke8 42. Rxh7 Rxa2 43. Kd5 Rb2 44.
Rh3 Kd7 45. Kxc5 Kc7 46. Rh7+ Kd8 47. b4 Rf2 48. b5 Rf5+ 49. Kb4 Rf1 50. Ka5 Rb1 51. c5 Ra1+ 52. Kb6 Rg1 53. c6 Rg6 54. Kb7 Rg5 55. b6 Rg8 56. c7+ Ke8 57. c8=Q# 1-0

[Event "*** Titled Tuesday Blitz"]
[Site "Chess.com"]
[Date "2021.02.09"]
[Round "3"]
[White "Fighter008"]
[Black "ZarinaShafigullina"]
[Result "1-0"]
[WhiteElo "2584"]
[BlackElo "2395"]
[TimeControl "180+1"]
[EndTime "10:29:40 PST"]
[Termination "Fighter008 won by resignation"]

1. Nf3 Nf6 2. g3 b6 3. Bg2 Bb7 4. O-O c5 5. d3 e6 6. e4 d6 7.
Nbd2 Nbd7 8. Nh4 Be7 9. c4 O-O 10. e5 Bxg2 11. exf6 Bxf1 12. fxe7 Qxe7 13. Nxf1 d5 14.
Ng2 d4 15. Nd2 Ne5 16. Qe2 Qc7 17. f4 Nc6 18. Ne1 Rae8 19. Nef3 f5 20. Ne5 Nxe5 21. fxe5 f4 22. Nf3 fxg3 23. hxg3 Rf5 24. Bf4 Ref8 25. Qe4 Qe7 26. Rf1 g5 27. Bc1 h5 28. Nh2 Rxf1+ 29.
Nxf1 Qf7 30. Qe2 Qf5 31. Nh2 Kg7 32. Bd2 Kg6 33. Be1 a6 34. b4 b5 35. cxb5 axb5 36.
bxc5 Rc8 37. Bb4 Rf8 38. Kg2 h4 39. gxh4 Rh8 40. Qe4 Rxh4 41. Qxf5+ Kxf5 42. c6 Rh7 43. Bd6 g4 44. Nf1 Kf4 45. a3 Rh8 46. c7 Ra8 47. Kf2 b4 48. axb4 g3+ 49. Nxg3 Ra2+ 50. Ne2+ 1-0

[Event "*** Titled Tuesday Blitz"]
[Site "Chess.com"]
[Date "2021.02.09"]
[Round "3"]
[White "noblerone"]
[Black "HrvojeZagreb"]
[Result "1-0"]
[WhiteElo "2420"]
[BlackElo "2208"]
[TimeControl "180+1"]
[EndTime "10:29:40 PST"]
[Termination "noblerone won by resignation"]

1. d4 e6 2. Nf3 f5 3. Bf4 Nf6 4. e3 b6 5. Be2 Bb7 6. h3 Be7 7. O-O O-O 8. c4 d6 9. Nc3 Ne4 10. Bh2 Nxc3 11. bxc3 Bf6 12. Qb3 Nc6 13. c5 d5 14. c4 Na5 15. Qb4 Ba6 16. Nd2 Qe7 17. Rfe1 dxc4 18. Rac1 Kh8 19. Nxc4 Bxc4 20. Bxc4 Nxc4 21.
Qxc4 Rad8 22. Qa6 Ra8 23. Qb7 Rfc8 24. cxb6 axb6 25. Rxc7 Qe8 26. Rxc8 Qxc8 27. Qxb6 Rxa2 28. Rb1 Rc2 29. Bg3 h5 30. h4 Kh7 31. Kh2 Qd7 32.
Qb7 Qe8 33. Qb8 Rc8 34. Qa7 Ra8 35. Qb6 Rc8 36. Qb5 Rc6 37. Qb7 Rc8 38. Qb3 Rc6 39. Qd1 Qc8 40. Qe2 g6 41. Qf1 Bg7 42. Rd1 Rc2 43. d5 exd5 44. Rxd5 Qe6 45. Rd1 Be5 46. Bxe5 Qxe5+ 47. g3 Rc4 48. Kg1 g5 49. Qxc4 gxh4 50. Qxh4 Kg6 51. Qd4 Qe6 52. Qd6 Qxd6 53. Rxd6+ Kg5 54.
Rd4 1-0

[Event "*** Titled Tuesday Blitz"]
[Site "Chess.com"]
[Date "2021.02.09"]
[Round "3"]
[White "Rap_woyska"]
[Black "Kapibara_Warri0r"]
[Result "1-0"]
[WhiteElo "2478"]
[BlackElo "2182"]
[TimeControl "180+1"]
[EndTime "10:29:41 PST"]
[Termination "Rap_woyska won by checkmate"]

1. c4 e5 2. Nc3 Nf6 3. Nf3 Nc6 4. e3 d6 5. d4 exd4 6. exd4 Be7 7. d5 Ne5 8. Nxe5 dxe5 9. Be2 O-O 10. O-O e4 11. Re1 Bf5 12. Bf1 Bc5 13. Be3 Bxe3 14. Rxe3 Re8 15. Qd4 Ng4 16. Rg3 Qh4 17. h3 Ne5 18. Re1 Ng6 19. c5 e3 20. Qxh4 exf2+ 21. Kxf2 Nxh4 22.
Rge3 Kf8 23. Bb5 Rxe3 24. Rxe3 a6 25. Ba4 Rd8 26. b4 Bd7 27. c6 b5 28. Bb3 Nf5 29. cxd7 Nxe3 30. Kxe3 Rxd7 31. Ne4 f5 32. Nc5 Rd6 33. Kf4 g6 34. Ke5 Ke7 35. Ne6 c6 36. Nc5 cxd5 37. Bxd5 f4 38. a3 g5 39. Bf3 Rd2 40.
Nxa6 Ra2 41. Nc7 Rxa3 42. Nxb5 Rb3 43. Nd4 Kd7 44. Nxb3 h6 45. b5 Kc7 46. Nd4 Kb6 47. Kf6 Kc5 48. Kg6 Kxd4 49. Kxh6 Kc5 50. Kxg5 Kxb5 51. h4 Kc5 52. h5 Kd6 53. Kg6 Ke7 54.
Kg7 Ke6 55. h6 Ke5 56. h7 Kd4 57. h8=Q Ke3 58. Qf8 Kf2 59. Qxf4 Kg1 60. g4 Kf2 61. g5 Kg1 62. Kf6 Kf2 63. g6 Kg1 64. g7 Kf2 65. g8=Q Ke1 66. Qe3+ Kf1 67. Qgg1# 1-0

[Event "*** Titled Tuesday Blitz"]
[Site "Chess.com"]
[Date "2021.02.09"]
[Round "3"]
[White "banane_verte"]
[Black "Gloomy_Wanderer"]
[Result "0-1"]
[WhiteElo "2434"]
[BlackElo "2723"]
[TimeControl "180+1"]
[EndTime "10:29:43 PST"]
[Termination "Gloomy_Wanderer won by resignation"]

1. e4 c5 2. Nc3 a6 3. g3 b5 4. Bg2 Bb7 5. Nge2 e6 6. d3 Nf6 7. O-O d5 8. exd5 Nxd5 9. Nxd5 Bxd5 10. Bxd5 Qxd5 11. Nf4 Qc6 12. b3 Be7 13. Bb2 O-O 14. Qg4 g6 15. Rae1 Qd7 16. h4 Nc6 17. h5 g5 18. Nh3 h6 19. f4 f5 20. Qe2 Nd4 21. Bxd4 Qxd4+ 22. Kh2 Rf6 23. fxg5 hxg5 24. Nxg5 Bd6 25.
Nxe6 Qh4+ 26. Kg1 Bxg3 27. Qg2 Re8 28. Re3 f4 29. Rxg3+ fxg3 30. Rxf6 Qxf6 31. Qxg3+ Kh8 32. Nf4 Kh7 33. Qg6+ Qxg6+ 34. hxg6+ Kg7 35. Kf2 Kf6 36. Kf3 Re1 37. Nd5+ Kxg6 38. Nc7 Rc1 39. c4 bxc4 40.
bxc4 a5 41. Ne6 a4 42. Nxc5 a3 43. Ke4 Rc2 44. Kd5 Rxa2 45. d4 Rb2 46. Nd7 a2 47. Ne5+ Kf6 48. c5 a1=Q 49. Nd7+ Ke7 50. Ne5 Qa8+ 51.
Kc4 Qa6+ 52. Kd5 Qe6+ 53. Ke4 Re2+ 54. Kd3 Rxe5 55. dxe5 Qd5+ 56. Kc3 Qxc5+ 57. Kd3 Qxe5 0-1

[Event "*** Titled Tuesday Blitz"]
[Site "Chess.com"]
[Date "2021.02.09"]
[Round "3"]
[White "SHIVACalypso"]
[Black "redbaron8888"]
[Result "1/2-1/2"]
[WhiteElo "2365"]
[BlackElo "2528"]
[TimeControl "180+1"]
[EndTime "10:29:43 PST"]
[Termination "Game drawn - insufficient material"]

1. Nf3 Nf6 2. c4 e6 3. g3 b6 4. Bg2 Bb7 5. O-O Be7 6. Nc3 O-O 7. d4 Ne4 8. Nxe4 Bxe4 9. Be3 Qc8 10. Qd2 Qb7 11.
Ne1 Bxg2 12. Nxg2 d6 13. Rfd1 Nd7 14. Rac1 Rad8 15. h4 c5 16. h5 Bf6 17. h6 g6 18.
Bg5 Bxg5 19. Qxg5 Qe4 20. Qe3 Qxe3 21. Nxe3 f5 22. g4 fxg4 23. Nxg4 Rf4 24. f3 cxd4 25. e3 Rxf3 26. Rxd4 e5 27. Rxd6 Rg3+ 28. Kh2 Rxg4 29.
Rcd1 Rxc4 30. Rxd7 Rxd7 31. Rxd7 Rh4+ 32. Kg3 Rxh6 33.
Rxa7 g5 34. Re7 Rc6 35. Rxe5 h6 36. Kg4 Kg7 37. Kh5 Rc2 38. Rb5 Rh2+ 39. Kg4 Rg2+ 40. Kf5 Rf2+ 41. Kg4 Rf6 42. a4 Kg6 43. e4 Re6 44.
Kf3 h5 45. b4 Rf6+ 46. Ke3 g4 47. e5 Rf3+ 48. Ke4 h4 49. e6 h3 50. e7 Kf7 51.
Rh5 Kxe7 52. a5 bxa5 53. bxa5 Ra3 54. Kf4 h2 55. Rxh2 Ra4+ 56. Kg3 Rxa5 57. Kxg4 Ra6 58. Rf2 Re6 59. Rf4 Kd6 60. Kf3 Ke7 61. Re4 Rxe4 62. Kxe4 1/2-1/2

[Event "*** Titled Tuesday Blitz"]
[Site "Chess.com"]
[Date "2021.02.09"]
[Round "3"]
[White "EndGameDestroyer"]
[Black "capatl"]
[Result "0-1"]
[WhiteElo "2236"]
[BlackElo "2494"]
[TimeControl "180+1"]
[EndTime "10:29:43 PST"]
[Termination "capatl won by checkmate"]

1. e4 c5 2. f4 e6 3. Nf3 d5 4.
Bb5+ Bd7 5. Bxd7+ Nxd7 6. d3 dxe4 7. dxe4 Qc7 8. O-O Rd8 9. Qe2 Ngf6 10. c4 Nb6 11. e5 Nfd7 12. Nc3 a6 13. Be3 Be7 14.
Rad1 O-O 15. b3 Nc8 16. Bf2 b6 17. Bg3 Qb7 18. Rd2 Nb8 19. Rfd1 Nc6 20. Bf2 Qc7 21. h3 Rxd2 22. Rxd2 Rd8 23. Ne4 Rxd2 24. Qxd2 Qd8 25. Qxd8+ Bxd8 26. a3 h6 27. Be1 Be7 28. Bc3 Kf8 29. Kf2 Ke8 30. g4 Kd7 31. f5 g6 32. f6 Bf8 33. Bd2 Nd4 34. Nxd4 cxd4 35. a4 Na7 36. Ke2 Nc6 37. Bf4 g5 38. Bg3 Na5 39. Nd2 Bb4 40. h4 Bxd2 41. Kxd2 Nxb3+ 42. Kd3 Nc1+ 43. Kd2 Nb3+ 44. Kd3 Kc6 45. hxg5 hxg5 46. Be1 Kc5 47. Bh4 gxh4 48. g5 Kc6 49. g6 Nc5+ 50.
Kxd4 fxg6 51. f7 Nd7 52. Ke4 Nf8 53. Kf4 g5+ 54. Kxg5 h3 55. Kf6 Kd7 56. Kg7 Ke7 57. a5 bxa5 58. c5 h2 59. c6 h1=Q 60. c7 Qh7# 0-1

[Event "*** Titled Tuesday Blitz"]
[Site "Chess.com"]
[Date "2021.02.09"]
[Round "3"]
[White "juancruzarias"]
[Black "TimofeevAr"]
[Result "0-1"]
[WhiteElo "2625"]
[BlackElo "2873"]
[TimeControl "180+1"]
[EndTime "10:29:44 PST"]
[Termination "TimofeevAr won by resignation"]

1. d4 Nf6 2. Nf3 g6 3. Bg5 Bg7 4. Nbd2 h6 5. Bh4 d6 6. c3 O-O 7. e4 Nc6 8. Be2 e5 9. dxe5 Nxe5 10. Nxe5 dxe5 11. O-O Qe7 12. Qc2 a5 13. a4 b6 14.
Rfe1 Bb7 15. Bf1 Qe6 16. Nc4 Nd7 17. f3 Bf6 18. Bf2 Be7 19. Ne3 Bc5 20. Bc4 Qe7 21.
Nd5 Bxf2+ 22. Qxf2 Bxd5 23. Bxd5 Rad8 24. Red1 Kg7 25.
Qe3 h5 26. Bb3 Nc5 27. Bc2 Ne6 28. g3 h4 29. Rxd8 Rxd8 30. Rd1 Rh8 31. Bb3 Nc5 32. Bc2 Qe6 33. Qg5 hxg3 34. hxg3 Nd7 35. Rd2 Qh3 36.
Rg2 Qh1+ 37. Kf2 Qa1 38. Qd2 Nf6 39. Bb3 Rh1 40. Bc4 Rb1 41. Ke3 Qxa4 42. b3 Qa3 43. Rh2 Qc1 44. Kd3 Qxd2+ 45. Kxd2 Rg1 46. g4 c6 47. Ke3 b5 48. Bd3 Rc1 49. Kd2 Rg1 50.
Ke3 Nd7 51. Ra2 Nc5 52. Rxa5 Nxb3 53. Ra7 Nc5 54. Rc7 Rc1 55. Kd2 Nb3+ 56. Ke2 Rxc3 57. g5 Nd4+ 58. Kd2 b4 59. f4 exf4 60. e5 Nf3+ 61.
Ke2 Nxe5 62. Kd2 Rxd3+ 0-1

[Event "*** Titled Tuesday Blitz"]
[Site "Chess.com"]
[Date "2021.02.09"]
[Round "3"]
[White "Pintacara"]
[Black "vinniethepooh"]
[Result "1/2-1/2"]
[WhiteElo "2504"]
[BlackElo "2746"]
[TimeControl "180+1"]
[EndTime "10:29:44 PST"]
[Termination "Game drawn by repetition"]

1. d4 Nf6 2. Bg5 d5 3. Bxf6 exf6 4. e3 c6 5. c4 Be6 6. cxd5 Bxd5 7. Nc3 Bb4 8. Nf3 O-O 9. Be2 Qa5 10. Qd2 Re8 11. O-O Nd7 12. a3 Bxc3 13. bxc3 Qa4 14. Rfb1 Nb6 15.
Rb4 Qa5 16. Qb2 Rac8 17. c4 Bxf3 18. Bxf3 c5 19. dxc5 Rxc5 20. Bxb7 Nxc4 21. Qe2 Qc7 22. Bf3 Nxa3 23. Ra4 Rd8 24. h3 Rc1+ 25. Rxc1 Qxc1+ 26. Kh2 Qc7+ 27. g3 Nb1 28. Qb2 Nd2 29. Bg2 h6 30. Rd4 Rxd4 31. exd4 Nc4 32. Qb4 Nb6 33. d5 g6 34. d6 Qd7 35. Qc5 Kg7 36. Bc6 Qd8 37.
Qd4 Nc8 38. d7 Nb6 39. Bb5 a6 40. Bc6 a5 41. Qc5 a4 42. Qd6 Nc4 43. Qc5 Ne5 44. Qd5 Nxc6 45. Qxc6 a3 46. Qc8 Qb6 47. d8=Q Qxf2+ 48. Kh1 Qf1+ 49. Kh2 Qf2+ 50. Kh1 Qf1+ 51. Kh2 Qf2+ 1/2-1/2

[Event "*** Titled Tuesday Blitz"]
[Site "Chess.com"]
[Date "2021.02.09"]
[Round "3"]
[White "Goryachkina"]
[Black "ArjunErigaisi2003"]
[Result "1-0"]
[WhiteElo "2691"]
[BlackElo "2900"]
[TimeControl "180+1"]
[EndTime "10:29:46 PST"]
[Termination "Goryachkina won by resignation"]

1. e4 b6 2. d4 Bb7 3. Bd3 e6 4.
Nf3 d5 5. e5 h6 6. c3 Qd7 7. Nbd2 c5 8. Nf1 Ne7 9. Ng3 Ba6 10. O-O Nec6 11. Bf4 g6 12. Bxa6 Nxa6 13. Qd2 c4 14. h4 Nc7 15. Nh2 Be7 16. h5 g5 17. Be3 O-O-O 18. b3 f5 19. exf6 Bxf6 20. bxc4 dxc4 21. Qe2 Qd5 22. Ng4 Bg7 23. Bd2 Bxd4 24. cxd4 Nxd4 25. Qe4 Qxe4 26. Nxe4 Ne2+ 27. Kh2 Rd4 28.
f3 Nd5 29. Rfe1 Nef4 30. Bxf4 Nxf4 31. Re3 Nxh5 32. a4 Nf4 33. Rc1 Nd5 34. Re2 Kb8 35. Rec2 Rc8 36. Nd6 Rc6 37. Nxc4 Nb4 38. Nge5 Rc5 39.
Re2 Nd3 40. Nxd3 Rxd3 41. Rec2 Rd4 42. Ne3 Rxc2 43. Rxc2 Rxa4 44. Rc6 Rb4 45. Rxe6 a5 46. Nd5 Rh4+ 47. Kg3 b5 48. Rb6+ Ka7 49. Rxb5 a4 50.
Nc3 Ka6 51. Rb8 Ka5 52. Ra8+ Kb4 53. Rxa4+ 1-0

[Event "*** Titled Tuesday Blitz"]
[Site "Chess.com"]
[Date "2021.02.09"]
[Round "3"]
[White "Bulldog167"]
[Black "Aygehovit1992"]
[Result "1/2-1/2"]
[WhiteElo "2830"]
[BlackElo "2616"]
[TimeControl "180+1"]
[EndTime "10:29:46 PST"]
[Termination "Game drawn - insufficient material"]

1. d4 Nf6 2. c4 g6 3. Nc3 d5 4. Nf3 Bg7 5. Bg5 Ne4 6. Bf4 Nxc3 7. bxc3 dxc4 8. e3 Be6 9. Ng5 Bd5 10. e4 h6 11. exd5 hxg5 12. Bxg5 Qxd5 13. Be3 Nd7 14. Be2 Nb6 15. Bf3 Qa5 16. Bxb7 Qxc3+ 17. Bd2 Qxd4 18.
Bxa8 Qxa1 19. Bc6+ Kf8 20. Qxa1 Bxa1 21. Ke2 Be5 22. f4 Bd6 23. a4 Rh5 24. a5 Rc5 25. axb6 Rxc6 26. bxa7 Ra6 27. Be3 c5 28. Rc1 Rxa7 29.
Rxc4 Ra2+ 30. Kf3 Ra3 31. Ke2 Ra5 32. h4 f5 33. Kf3 Kf7 34. g4 fxg4+ 35. Kxg4 Ke6 36.
Kg5 Ra3 37. Bf2 Rf3 38. Bxc5 Kd5 39. Bxd6 Kxc4 40. Bxe7 Kd5 41. Kxg6 Rxf4 42. h5 Ke6 43. Bg5 Rf8 44. Bh6 Rf1 45. Bg5 Rf8 46. Bh6 Ra8 47.
Bg7 Ra2 48. Bf6 Rg2+ 49. Bg5 Rh2 50. h6 Kd7 51. h7 Rxh7 52. Kxh7 1/2-1/2